 Dungeon Crawl Stone Soup version 0.21.1-1-g345015f (webtiles) character file.

5086 diana the Spear-Bearer (level 10, -9/79 HPs)
             Began as a Formicid Fighter on June 8, 2018.
             Was a Believer of Makhleb.
             Mangled by a basilisk (16 damage)
             ... on level 9 of the Dungeon.
             The game lasted 00:14:10 (10072 turns).

diana the Spear-Bearer (Formicid Fighter)          Turns: 10072, Time: 00:14:10

Health: -9/79      AC:  8    Str: 24    XL:     10   Next: 87%
Magic:  14/14      EV: 10    Int: 10    God:    Makhleb [**....]
Gold:   491        SH: 11    Dex: 10    Spells: 9/9 levels left

rFire    . . .     SeeInvis +   x - +0 halberd
rCold    . . .     Gourm    .   c - +0 shield
rNeg     . . .     Faith    .   b - +0 scale mail
rPois    .         Spirit   .   (helmet unavailable)
rElec    .         Reflect  .   (no cloak)
rCorr    .         Harm     .   (no gloves)
MR       +....     Clarity  +   (no boots)
Stlth    ..........             (no amulet)
HPRegen  0.23/turn              (no ring)
MPRegen  0.14/turn              (no ring)

@: no status effects
A: permanent stasis, dig shafts and tunnels, four strong arms, antennae 3,
clarity, clever 1, mutation resistance 1
a: Dig, Shaft Self, Minor Destruction, Renounce Religion


You were on level 9 of the Dungeon.
You worshipped Makhleb.
Makhleb was pleased with you.
You were very hungry.

You visited 2 branches of the dungeon, and saw 10 of its levels.
You also visited: Ossuary.

You collected 491 gold pieces.

Inventory:

Hand Weapons
 x - a +0 halberd (weapon)
Armour
 b - a +0 scale mail (worn)
 c - a +0 shield (worn)
Jewellery
 a - a +2 ring of intelligence {unknown}
 i - an uncursed amulet of guardian spirit {unknown}
 j - an uncursed ring of resist corrosion {unknown}
 D - a +4 ring of dexterity {unknown}
 J - an uncursed amulet of harm {unknown}
Wands
 o - a wand of polymorph (18)
 r - a wand of digging (13)
 F - a wand of acid (13)
 G - a wand of flame (26)
Scrolls
 d - 3 scrolls of enchant weapon {unknown}
 g - 5 scrolls of teleportation {unknown}
 h - 2 scrolls of immolation {unknown}
 k - 7 scrolls of identify {unknown}
 l - 2 scrolls of enchant armour {unknown}
 n - a scroll of magic mapping {unknown}
 p - 5 scrolls of remove curse {unknown}
 q - 4 scrolls of fog {unknown}
 u - a scroll of random uselessness {unknown}
 w - a scroll of blinking {unknown}
Potions
 m - 2 potions of haste
 s - a potion of degeneration
 v - 3 potions of brilliance
 z - a potion of magic
 C - a potion of curing {unknown}
 E - a potion of agility {unknown}
 K - a potion of mutation
Books
 t - a book of Cantrips

   Spells                             Type                      Level
   a - Confusing Touch                Hexes                        1
   b - Animate Skeleton               Necromancy                   1
   c - Summon Small Mammal            Summoning                    1
   d - Apportation                    Translocation                1
 B - a book of Misfortune

   Spells                             Type                      Level
   a - Confusing Touch                Hexes                        1
   b - Confuse                        Hexes                        3
   c - Gell's Gravitas                Translocation                3
   d - Petrify                        Transmutation/Earth          4
   e - Metabolic Englaciation         Hexes/Ice                    5
   f - Yara's Violent Unravelling     Hexes/Transmutation          5
 H - a book of Callings

   Spells                             Type                      Level
   a - Summon Small Mammal            Summoning                    1
   b - Call Imp                       Summoning                    2
   c - Call Canine Familiar           Summoning                    3
   d - Summon Guardian Golem          Hexes/Summoning              3
   e - Summon Lightning Spire         Summoning/Air                4
   f - Summon Ice Beast               Ice/Summoning                4
Comestibles
 f - 10 rations


   Skills:
 + Level 7.4 Fighting
 * Level 9.4 Polearms
 + Level 7.9 Armour
 - Level 2.1 Dodging
 + Level 8.2 Shields
 + Level 5.9 Invocations


You had 9 spell levels left.
You didn't know any spells.

Dungeon Overview and Level Annotations

Branches:
Dungeon (9/15)             Temple (1/1) D:4
   Lair: D:8-11         Orc: D:9-12

Altars:
Ashenzari
Cheibriados
Dithmenos
Elyvilon
Fedhas
Gozag
Hepliaklqana
Kikubaaqudgha
Makhleb
Nemelex Xobeh
Okawaru
Qazlal
Ru
Sif Muna
Trog
Uskayaw
Vehumet
Wu Jian
Xom
Yredelemnul
Zin
The Shining One

Shops:
D:7 *


Innate Abilities, Weirdness & Mutations

You cannot be hasted, slowed, berserked, paralysed or teleported.
You can dig through walls and to a lower floor.
Your four strong arms can wield two-handed weapons with a shield.
You have a pair of large antennae on your head. (SInv)
You possess an exceptional clarity of mind.
Your mind is acute. (Int +2)
You are somewhat resistant to further mutation.


Message History

You are feeling very hungry.
The basilisk gazes at you.
You easily resist.
The basilisk gazes at you.
You easily resist.
The basilisk gazes at you. The basilisk bites you! The basilisk bites you!
* * * LOW HITPOINT WARNING * * *
The basilisk bites you!
* * * LOW HITPOINT WARNING * * *
The basilisk bites you. The basilisk gazes at you.
You easily resist.
The basilisk bites you!
* * * LOW HITPOINT WARNING * * *
You turn to flesh and can move again.
Okay, then.
You barely miss the basilisk. The basilisk bites you!
You die...

########
#..@lg.#
#.####.#
#.####†#
##......#
##....g..#
##.....8.g#
#......_..#
#.........#
#.........#


You could see a basilisk and a gnoll.

Vanquished Creatures
  Pikel (D:4)
  Prince Ribbit (D:6)
  Grinder (D:6)
  A hippogriff (D:7)
  5 yaks (D:9)
  A spriggan (D:8)
  The ghost of diana the Cutter, an amateur KoGl of Dithmenos (D:3)
  A water moccasin (D:6)
  2 porcupines (D:9)
  2 orc warriors
  An ice beast (D:7)
  An eye of draining (D:8)
  3 ogres
  A sky beast (D:7)
  A phantom (D:8)
  4 centaurs
  A crocodile (D:9)
  An elf zombie (Ossuary)
  5 bullfrogs
  3 scorpions
  A howler monkey (D:5)
  A crimson imp (D:7)
  A centaur zombie (Ossuary)
  A human zombie (Ossuary)
  A quasit (D:6)
  3 orc priests
  2 bullfrog skeletons
  2 orc wizards
  A gnoll shaman (D:7)
  2 iguanas (D:8)
  8 worker ants
  3 big kobold zombies (Ossuary)
  2 hound zombies (Ossuary)
  3 mummies (Ossuary)
  7 gnolls
  5 adders
  3 adder zombies
  2 worms (D:4)
  2 dart slugs
  3 leopard geckos
  24 orcs
  3 giant cockroaches
  5 goblins
  4 hobgoblins
  12 jackals
  4 kobolds
  7 quokkas
  A ball python (D:1)
  7 bats
  4 frilled lizards
  A gnoll zombie (Ossuary)
  2 goblin zombies (Ossuary)
  4 hobgoblin zombies (Ossuary)
  5 jackal zombies (Ossuary)
  5 kobold zombies (Ossuary)
  A quokka skeleton (D:9)
  6 quokka zombies (Ossuary)
  3 rats
  2 rat zombies (Ossuary)
190 creatures vanquished.

Vanquished Creatures (others)
  An orc wizard (D:4)
  A worker ant (D:4)
  6 orcs (D:4)
8 creatures vanquished.

Grand Total: 198 creatures vanquished

Notes
Turn   | Place    | Note
-------+----------+-------------------------------------------
     0 | D:1      | diana the Formicid Fighter began the quest for the Orb.
     0 | D:1      | Reached XP level 1. HP: 18/18 MP: 1/1
   159 | D:1      | Reached XP level 2. HP: 21/24 MP: 2/2
   812 | D:2      | Found an ancient bone altar of Kikubaaqudgha.
   838 | D:2      | Reached XP level 3. HP: 29/29 MP: 3/3
   955 | D:2      | You fall through a shaft for 2 floors!
  1096 | D:4      | Found a sand-covered staircase.
  1101 | Ossuary  | Entered an ossuary
  1172 | Ossuary  | Reached XP level 4. HP: 34/37 MP: 4/4
  1238 | Ossuary  | Reached skill level 3 in Polearms
  1294 | Ossuary  | Reached XP level 5. HP: 15/42 MP: 5/5
  1632 | Ossuary  | Reached XP level 6. HP: 31/48 MP: 6/6
  1950 | Ossuary  | Reached skill level 4 in Polearms
  1981 | Ossuary  | Reached skill level 1 in Dodging
  2581 | D:4      | Noticed Pikel
  2581 | D:4      | Noticed a slave
  2581 | D:4      | Noticed a slave
  2581 | D:4      | Noticed a slave
  2582 | D:4      | Noticed a slave
  2608 | D:4      | Killed Pikel
  2608 | D:4      | Reached skill level 5 in Polearms
  2608 | D:4      | Reached skill level 5 in Armour
  2608 | D:4      | Reached skill level 5 in Shields
  2608 | D:4      | Reached XP level 7. HP: 5/55 MP: 7/7
  2608 | D:4      | Reached XP level 8. HP: 6/61 MP: 8/8
  3201 | D:4      | Found a staircase to the Ecumenical Temple.
  3211 | Temple   | Entered the Ecumenical Temple
  3417 | Temple   | Became a worshipper of Makhleb the Destroyer
  4157 | D:3      | Noticed diana's ghost (amateur KoGl)
  4283 | D:3      | Killed diana's ghost
  4283 | D:3      | Reached skill level 6 in Polearms
  4283 | D:3      | Reached skill level 1 in Invocations
  4287 | D:3      | Reached skill level 5 in Fighting
  4613 | D:3      | Found a radiant altar of Vehumet.
  4968 | D:2      | Found a deep blue altar of Sif Muna.
  5221 | D:5      | Entered Level 5 of the Dungeon
  5307 | D:5      | Reached * piety under Makhleb
  5970 | D:5      | Found a hazy altar of Hepliaklqana.
  5998 | D:5      | Reached XP level 9. HP: 48/68 MP: 10/10
  6173 | D:6      | Noticed Prince Ribbit
  6338 | D:6      | Reached skill level 7 in Polearms
  6395 | D:6      | Noticed Grinder
  6418 | D:6      | Killed Grinder
  6834 | D:6      | Found an iron altar of Okawaru.
  6888 | D:6      | Found an ornate altar of the Wu Jian Council.
  7073 | D:6      | Reached ** piety under Makhleb
  7308 | D:6      | Killed Prince Ribbit
  7646 | D:7      | Noticed a hippogriff
  8024 | D:6      | Reached skill level 8 in Polearms
  8217 | D:7      | Killed a hippogriff
  8217 | D:7      | Reached XP level 10. HP: 30/77 MP: 13/13
  9046 | D:7      | Found an opulent altar of Gozag.
  9068 | D:7      | Found Gozag's Platinum Reserve.
  9176 | D:7      | Reached skill level 5 in Invocations
  9575 | D:8      | Reached skill level 9 in Polearms
  9685 | D:8      | Found a glowing golden altar of the Shining One.
  9976 | D:9      | Found a sparkling altar of Nemelex Xobeh.
  9976 | D:9      | Found a basalt altar of Yredelemnul.
 10025 | D:9      | Gained mutation: Your mind is acute. (Int +2) [potion of mutation]
 10025 | D:9      | Gained mutation: You are somewhat resistant to further mutation. [potion of mutation]
 10025 | D:9      | Gained mutation: You possess an exceptional clarity of mind. [potion of mutation]
 10072 | D:9      | Mangled by a basilisk

Skill      XL: |  1  2  3  4  5  6  7  8  9 10 |
---------------+-------------------------------+-----
Shields        | 4 5 6 7 8 |  8.2
Armour         | 4 5 6 7 |  7.9
Polearms       | 3 5 6 8 9 |  9.4
Fighting       | 4 5 6 7 |  7.4
Dodging        | 2 |  2.1
Invocations    | 2 4 5 |  5.9

Action                   |  1- 3 |  4- 6 |  7- 9 | 10-12 || total
-------------------------+-------+-------+-------+-------++-------
Melee: Trident           |   106 |   169 |   233 |       ||   508
       Halberd           |       |       |   269 |   207 ||   476
Throw: Throwing net      |       |       |       |     1 ||     1
  Use: Potion            |       |     7 |     3 |     4 ||    14
  Eat: Ration            |       |     2 |     2 |       ||     4
       Chunk             |       |       |    10 |     6 ||    16
Armor: Scale mail        |    47 |    65 |   139 |    34 ||   285
Dodge: Dodged            |    28 |    53 |   163 |    60 ||   304
Block: Shield            |    53 |    68 |   245 |    87 ||   453
